 Dungeon Crawl Stone Soup version 0.26-a0-54-g15ccc7ae60 (webtiles) character file.

Game seed: 10043263807484791673

38893 Ozzies the Severer (level 13, -2/125 HPs)
             Began as a Minotaur Fighter on June 7, 2020.
             Was a High Priest of Trog.
             Killed from afar by an ogre mage (25 damage)
             ... with a bolt of poison
             ... on level 1 of the Elven Halls.
             The game lasted 01:37:17 (16210 turns).

Ozzies the Severer (Minotaur Fighter)              Turns: 16210, Time: 01:37:19

Health: -2/125     AC: 20    Str: 26    XL:     13   Next: 66%
Magic:  0/12       EV: 10    Int:  5    God:    Trog [*****.]
Gold:   1319       SH: 14    Dex: 14    Spells: 12/12 levels left

rFire    . . .     SeeInvis .   G - +4 broad axe (elec)
rCold    . . .     Gourm    .   g - +1 kite shield {AC+3}
rNeg     + . .     Faith    .   T - +0 plate armour
rPois    .         Spirit   +   (helmet restricted)
rElec    .         Reflect  .   F - +0 cloak
rCorr    .         Harm     .   L - +0 pair of gloves
MR       +....                  (no boots)
Stlth    ..........             p - amulet "Pucocot" {Spirit Dex+4}
HPRegen  0.30/turn              a - ring of positive energy
MPRegen  0.13/turn              q - ring of protection from magic

@: lethally poisoned (-2 -> -23), berserk cooldown, hasted and slowed
A: retaliatory headbutt, horns 2
a: Berserk, Trog's Hand, Brothers in Arms, Renounce Religion


You were on level 1 of the Elven Halls.
You worshipped Trog.
Trog was extremely pleased with you.
You were very hungry.

You visited 3 branches of the dungeon, and saw 17 of its levels.

You collected 1319 gold pieces.

Inventory:

Hand Weapons
 D - a +7 demon trident
 G - a +4 broad axe of electrocution (weapon)
 N - a +1 whip of venom
 Q - a +0 broad axe
 R - a +2 flail of holy wrath
 U - a +1 antimagic short sword
Armour
 g - a +1 kite shield of protection (worn)
 t - a +0 tower shield
 F - a +0 cloak (worn)
 L - a +0 pair of gloves (worn)
 T - a +0 plate armour (worn)
Jewellery
 a - a ring of positive energy (left hand)
 n - an uncursed ring of ice
 p - the amulet "Pucocot" (around neck) {Spirit Dex+4}
   (You found it on level 11 of the Dungeon)

   [amulet of guardian spirit]

   It causes incoming damage to be split between your health and magic.
   It affects your dexterity (+4).
 q - a ring of protection from magic (right hand)
 x - an uncursed ring of ice
 y - an uncursed ring of stealth
Wands
 c - a wand of digging (14)
 r - a wand of flame (35)
 s - a wand of random effects (49)
 v - a wand of iceblast (9)
 I - a wand of acid (25)
 J - a wand of paralysis (4)
 K - a wand of clouds (3)
Scrolls
 h - 7 scrolls of remove curse
 l - 4 scrolls of teleportation
 o - a scroll of fear
 w - 2 scrolls of amnesia
 A - 2 scrolls of identify
 E - a scroll of enchant weapon
 H - a scroll of fog
 M - a scroll of magic mapping
Potions
 b - 2 potions of stabbing {unknown}
 d - a potion of might
 e - 3 potions of ambrosia
 i - 2 potions of resistance {unknown}
 j - 2 potions of haste
 k - 7 potions of curing
 m - 2 potions of mutation
 u - a potion of cancellation
 z - 3 potions of lignification
 B - 2 potions of invisibility
 C - 3 potions of brilliance {unknown}
 O - a potion of degeneration {unknown}
 P - 2 potions of flight {unknown}
Comestibles
 f - 20 rations


   Skills:
 + Level 14.7 Fighting
 * Level 16.9 Axes
 + Level 10.9 Armour
 - Level 7.0 Dodging
 - Level 0.2 Stealth
 + Level 11.0 Shields


You had 12 spell levels left.
You didn't know any spells.
Your spell library was empty.

Dungeon Overview and Level Annotations

Branches:
Dungeon (14/15)            Temple (0/1) D:5            Lair (0/6) D:9
    Orc (2/2) D:10            Elf (1/3) Orc:2
 Vaults: D:13-14

Altars:
Cheibriados
Dithmenos
Elyvilon
Fedhas
Gozag
Hepliaklqana
Kikubaaqudgha
Makhleb
Ru
Sif Muna
Trog
Wu Jian
Yredelemnul
The Shining One
Beogh

Shops:
D:12 *   Orc:2 }

Annotations:
D:9 3 runed translucent doors, Gruesome's ghost, novice OpFi; airwow's ghost, novice DsFi; bmj180's ghost, novice DrCj; inmateoo's ghost, novice HOAs
D:12 3 runed translucent doors
D:14 Roxanne


Innate Abilities, Weirdness & Mutations

You reflexively headbutt those who attack you in melee.
You have a pair of horns on your head.


Message History

r - Retreat! s - Stop attacking. g - Guard the area. f - Follow me.
Anything else - Cancel.
Okay, then.
Okay, then.
You feel much better.
You feel sick. You block something's attack.
You block the deep elf mage's attack.
The two-headed ogre hits you with a +0 giant club.
* * * LOW HITPOINT WARNING * * *
The two-headed ogre hits you but does no damage.
Something completely misses you.
The deep elf mage completely misses you.
Okay, then.
You feel yourself speed up.
You feel sick. You block the two-headed ogre's attack.
The two-headed ogre barely misses you.
You hear some strange, mumbled words.
A bolt of poison appears from out of thin air!
The bolt of poison hits you!!
You are more poisoned.
You die...

#####
#...#####
#.......
#..).#####
#{@$......
#.eO#####.
#####


You could see a two-headed ogre and a deep elf mage.

Vanquished Creatures
  Jorgrun (D:14)
  Kirke (D:14)
  An orc warlord (Orc:1)
  2 ogre magi (Orc:2)
  Harold (D:8)
  2 hydras
  9 two-headed ogres
  2 centaur warriors
  An orc high priest (Orc:1)
  Urug (Orc:2)
  3 unseen horrors
  Pikel (D:7)
  2 orc sorcerers (Orc:1)
  An ugly thing (D:12)
  Maurice (Orc:2)
  Maggie (D:9)
  A gargoyle (D:12)
  A komodo dragon (D:12)
  7 trolls
  4 hippogriffs
  2 slime creatures (D:12)
  2 shadows
  3 fire elementals (Orc:2)
  A wraith (D:12)
  13 yaks
  A basilisk (D:14)
  3 hogs (D:14)
  A hungry ghost (D:10)
  4 vampire mosquitoes (D:12)
  An acid dragon (D:11)
  2 hell hounds (Orc:1)
  A water moccasin (D:11)
  A hornet zombie (D:11)
  2 black bears
  2 ice beasts
  17 orc warriors
  5 phantoms
  A necrophage (D:7)
  3 sky beasts
  2 wolves (D:9)
  4 centaurs (D:11)
  A crocodile (D:13)
  9 ogres
  4 big kobolds
  5 bullfrogs
  A wyvern skeleton (D:14)
  A scorpion (D:11)
  2 troll zombies (D:10)
  12 killer bees
  5 wights (D:9)
  A howler monkey (D:4)
  3 electric eels (D:9)
  4 crimson imps
  4 bullfrog zombies
  3 centaur zombies
  A quasit (D:10)
  3 jellies
  11 orc priests
  8 hounds
  4 bullfrog skeletons
  Crazy Yiuf (D:2)
  A gnoll shaman (Orc:1)
  A centaur skeleton (D:10)
  4 iguanas
  Ijyb (D:3)
  30 orc wizards
  6 worker ants
  A killer bee zombie (D:9)
  6 ogre zombies (D:10)
  Robin (D:2)
  2 howler monkey zombies
  A worker ant zombie (D:8)
  18 gnolls
  8 adders
  3 shadow imps
  An ooze (D:3)
  2 adder skeletons
  5 dart slugs
  6 leopard geckos
  67 orcs
  9 bats
  6 giant cockroaches
  18 goblins
  5 hobgoblins
  11 jackals
  25 kobolds
  4 quokkas
  A ball python (D:4)
  3 frilled lizards
  3 goblin skeletons (D:10)
  5 goblin zombies (D:10)
  A hobgoblin skeleton (D:10)
  A hobgoblin zombie (D:10)
  4 orc skeletons (D:10)
  11 orc zombies (D:10)
  A quokka skeleton (D:4)
  6 rats
  A spectral orc (D:2)
476 creatures vanquished.

Vanquished Creatures (collateral kills)
  Azrael (Orc:2)
  3 two-headed ogres (Orc:2)
  2 orc warriors (Orc:2)
  3 ogres (Orc:2)
  An orc priest (Orc:2)
  4 orcs (Orc:2)
14 creatures vanquished.

Vanquished Creatures (others)
  A human (D:14)
  Menkaure (D:7)
  An orc wizard (Orc:1)
  A shadow imp (D:14)
4 creatures vanquished.

Grand Total: 494 creatures vanquished

Notes
Turn   | Place    | Note
-------+----------+-------------------------------------------
     0 | D:1      | Ozzies the Minotaur Fighter began the quest for the Orb.
     0 | D:1      | Reached XP level 1. HP: 19/19 MP: 0/0
   166 | D:1      | Reached XP level 2. HP: 27/27 MP: 1/1
   411 | D:1      | Reached skill level 3 in Axes
   411 | D:1      | Reached XP level 3. HP: 30/33 MP: 2/2
  1089 | D:2      | Found a basalt altar of Yredelemnul.
  1278 | D:2      | Reached XP level 4. HP: 40/41 MP: 3/3
  1331 | D:2      | Reached skill level 4 in Axes
  1383 | D:2      | Noticed Robin
  1397 | D:2      | Killed Robin
  1461 | D:2      | Found a runed translucent door.
  1462 | D:2      | Noticed Crazy Yiuf
  1938 | D:2      | Killed Crazy Yiuf
  1938 | D:2      | Reached skill level 5 in Axes
  1938 | D:2      | Reached XP level 5. HP: 47/47 MP: 4/4
  2070 | D:3      | Noticed Ijyb
  2091 | D:3      | Killed Ijyb
  2091 | D:3      | Reached skill level 5 in Fighting
  2646 | D:4      | Reached skill level 6 in Axes
  2842 | D:4      | Found a bloodstained altar of Trog.
  2865 | D:4      | Became a worshipper of Trog the Wrathful
  2878 | D:4      | Noticed an ogre
  2884 | D:4      | Killed an ogre
  2884 | D:4      | Reached XP level 6. HP: 34/56 MP: 5/5
  3645 | D:4      | Reached skill level 7 in Axes
  3645 | D:4      | Reached XP level 7. HP: 37/64 MP: 6/6
  4152 | D:5      | Entered Level 5 of the Dungeon
  4195 | D:5      | Found a staircase to the Ecumenical Temple.
  4382 | D:5      | Found a shadowy altar of Dithmenos.
  4555 | D:5      | Found an ancient bone altar of Kikubaaqudgha.
  4557 | D:5      | Found a blossoming altar of Fedhas.
  4616 | D:5      | Found an ornate altar of the Wu Jian Council.
  4672 | D:5      | Reached * piety under Trog
  5118 | D:6      | Got a spiked leather armour
  5160 | D:6      | Reached skill level 8 in Axes
  5236 | D:6      | Found a shimmering blue altar of Sif Muna.
  5450 | D:7      | Reached XP level 8. HP: 70/73 MP: 7/7
  5551 | D:7      | Noticed Pikel
  5553 | D:7      | Noticed Menkaure
  5562 | D:7      | Killed Pikel
  5562 | D:7      | Reached skill level 5 in Armour
  5562 | D:7      | Reached skill level 5 in Shields
  5566 | D:7      | Killed Menkaure
  5635 | D:7      | Found a burning altar of Makhleb.
  5693 | D:7      | Reached skill level 9 in Axes
  5723 | D:7      | Found a white marble altar of Elyvilon.
  5982 | D:7      | Found an opulent altar of Gozag.
  6649 | D:8      | Reached ** piety under Trog
  6675 | D:8      | Noticed a hippogriff
  6680 | D:8      | Killed a hippogriff
  6680 | D:8      | Reached XP level 9. HP: 82/82 MP: 8/8
  6905 | D:8      | Noticed Harold
  6919 | D:8      | Killed Harold
  6919 | D:8      | Reached skill level 10 in Axes
  7220 | D:8      | Reached skill level 11 in Axes
  7805 | D:9      | Reached *** piety under Trog
  7822 | D:9      | Found a runed translucent gate.
  7822 | D:9      | Found a runed translucent gate.
  7822 | D:9      | Found a runed translucent gate.
  7822 | D:9      | Noticed Gruesome's ghost (novice OpFi)
  7822 | D:9      | Noticed inmateoo's ghost (novice HOAs)
  7823 | D:9      | Noticed bmj180's ghost (novice DrCj)
  7823 | D:9      | Noticed airwow's ghost (novice DsFi)
  7827 | D:9      | Noticed Maggie
  7843 | D:9      | Killed Maggie
  7878 | D:9      | Noticed a troll
  7888 | D:9      | Killed a troll
  7888 | D:9      | Reached XP level 10. HP: 77/92 MP: 9/9
  8171 | D:9      | Reached skill level 10 in Fighting
  8389 | D:9      | Found a staircase to the Lair.
  8835 | D:9      | Found a glowing golden altar of the Shining One.
  8965 | D:9      | Found a sacrificial altar of Ru.
  8968 | D:9      | Found a snail-covered altar of Cheibriados.
  8971 | D:9      | Found a hazy altar of Hepliaklqana.
  9171 | D:9      | Reached skill level 12 in Axes
  9552 | D:10     | Entered Level 10 of the Dungeon
  9904 | D:10     | Reached skill level 13 in Axes
 10052 | D:10     | Found a staircase to the Orcish Mines.
 10342 | D:10     | Reached skill level 14 in Axes
 10342 | D:10     | Reached skill level 1 in Dodging
 10460 | D:10     | Noticed a two-headed ogre
 10468 | D:10     | Killed a two-headed ogre
 10468 | D:10     | Reached XP level 11. HP: 69/99 MP: 10/10
 10871 | D:11     | Got a sparkling copper amulet
 10872 | D:11     | Identified the amulet "Pucocot" {Spirit Dex+4} (You found
                  | it on level 11 of the Dungeon)
 10999 | D:11     | Noticed a centaur warrior
 11406 | D:11     | Killed a centaur warrior
 11546 | D:11     | Reached **** piety under Trog
 11910 | D:11     | Noticed a four-headed hydra
 11919 | D:11     | Killed a four-headed hydra
 12119 | D:11     | Killed an unseen horror
 12539 | D:12     | Noticed a purple ugly thing
 12549 | D:12     | Killed a purple ugly thing
 12602 | D:12     | You fall into a shaft and drop 2 floors!
 12604 | D:14     | Noticed a centaur warrior
 12633 | D:14     | Killed a centaur warrior
 12633 | D:14     | Reached skill level 5 in Dodging
 12639 | D:14     | Noticed Kirke
 12649 | D:14     | Killed Kirke
 12649 | D:14     | Reached XP level 12. HP: 110/110 MP: 8/11
 12666 | D:14     | Noticed Jorgrun
 12678 | D:14     | Reached skill level 10 in Armour
 12678 | D:14     | Reached skill level 10 in Shields
 12680 | D:14     | Killed Jorgrun
 12680 | D:14     | Reached skill level 15 in Axes
 12951 | D:14     | Identified Roxanne's Disquisition on the Rocks
 12951 | D:14     | Noticed Roxanne
 13004 | D:14     | Reached ***** piety under Trog
 13145 | D:12     | Found Faphoti's Mass Market.
 13189 | D:12     | Found a runed translucent gate.
 13190 | D:12     | Found a runed translucent gate.
 13191 | D:12     | Found a runed translucent gate.
 13193 | D:12     | Noticed a red very ugly thing
 13740 | D:12     | Noticed a four-headed hydra
 13750 | D:12     | Killed a four-headed hydra
 13767 | D:12     | Reached skill level 16 in Axes
 14607 | Orc:1    | Entered Level 1 of the Orcish Mines
 14612 | Orc:1    | Noticed a two-headed ogre
 14623 | Orc:1    | Killed a two-headed ogre
 14712 | Orc:1    | Noticed an orc high priest
 14733 | Orc:1    | Killed an orc high priest
 15050 | Orc:1    | Reached XP level 13. HP: 116/124 MP: 12/12
 15072 | Orc:1    | Found a roughly hewn altar of Beogh.
 15080 | Orc:1    | Received a gift from Trog
 15337 | Orc:2    | Entered Level 2 of the Orcish Mines
 15346 | Orc:2    | Noticed an orc warlord
 15409 | Orc:1    | Killed an orc warlord
 15603 | Orc:2    | Noticed Azrael
 15832 | Orc:2    | Killed Azrael
 16078 | Orc:2    | Noticed Maurice
 16112 | Orc:2    | Killed Maurice
 16151 | Orc:2    | Found a staircase to the Elven Halls.
 16158 | Orc:2    | Noticed Urug
 16170 | Orc:2    | Killed Urug
 16195 | Orc:2    | Found Qabac's Gadget Shop.
 16204 | Elf:1    | Entered Level 1 of the Elven Halls
 16210 | Elf:1    | Killed from afar by an ogre mage

Illustrated notes

Levels and vault maps discovered:
D:1:      shiori_arrival_elements, layout_basic
D:2:      layout_loops_corners, yredelemnul_forgotten_temple_becter,
          uniq_crazy_yiuf_cottage, uniq_robin
D:3:      layout_rooms, first_ration, uniq_ijyb
D:4:      layout_basic, kennysheep_mini
D:5:      layout_basic, grunt_temple_overflow_growth_and_decay,
          nicolae_dithmenos_shadow_blocks, lemuel_crystal_altar,
          minmay_temple_entry_poolview, small_statue_intersection
D:6:      layout_basic, lemuel_blue_sif_altar
D:7:      layout_loops_ring, nicolae_gozag_seed_capital, elyvilon_altar_3,
          makhleb_heckhound_becter, uniq_pikel, uniq_menkaure
D:8:      layout_loops_ring, blue_anna_alchemist [blue_anna_fruit_fields,
          blue_anna_fruit_fields], uniq_harold
D:9:      layout_stronghold, kennysheep_little_box,
          grunt_temple_overflow_diamond, erik_lair_island,
          gammafunk_ghost_cemetery, uniq_maggie
D:10:     layout_loops_ring, zombieorc2_lemuel, patterned_corridor
D:11:     layout_irregular_city
D:12:     layout_gridville, ploomutoo_gammafunk_ghost_potion_laboratory,
          minmay_shop_mass
D:13:     layout_roguey, david_vaults_4, serial_corexii_hall,
          corexii_hall_statues_l, chequers_hall_statues_wall_a, uniq_snorg
D:14:     layout_irregular_city, minmay_misc_feat_room, uniq_jorgrun,
          uniq_roxanne, uniq_frances, uniq_kirke
Orc:1:    nicolae_orc_accident_2, layout_caves
Orc:2:    st_orc_ogre_mass, layout_caves, uniq_maurice, uniq_urug, uniq_azrael
Elf:1:    eino_elf_arrival_altar, layout_geoelf_diagonals,
          gammafunk_ghost_grave, minmay_elf_sorcery

Skill      XL: |  1  2  3  4  5  6  7  8  9 10 11 12 13 |
---------------+----------------------------------------+-----
Shields        | 4 6 7 8 9 10 11 | 11.0
Fighting       | 4 5 6 7 9 10 11 14 | 14.7
Armour         | 4 6 7 8 9 10 | 10.9
Axes           | 3 5 6 7 8 9 11 14 16 | 16.9
Dodging        | 1 5 6 7 |  7.0
Stealth        | |  0.2

Action                   |  1- 3 |  4- 6 |  7- 9 | 10-12 | 13-15 || total
-------------------------+-------+-------+-------+-------+-------++-------
Melee: War axe           |    87 |   145 |   131 |       |       ||   363
       Headbutt          |    13 |    18 |    53 |   131 |    31 ||   246
       Hand axe          |       |       |   143 |   578 |    56 ||   777
       Whip              |       |       |       |    23 |       ||    23
       Flail             |       |       |       |    38 |       ||    38
       Broad axe         |       |       |       |       |    67 ||    67
Invok: Berserk           |       |       |     2 |     3 |     1 ||     6
       Brothers in Arms  |       |       |       |       |     2 ||     2
  Use: Scroll            |       |       |    14 |     5 |       ||    19
       Potion            |       |       |       |     6 |     3 ||     9
  Eat: Chunk             |     1 |     7 |    10 |    23 |     1 ||    42
       Ration            |       |       |     2 |     1 |     1 ||     4
Armor: Scale mail        |    43 |    70 |    33 |       |       ||   146
       Chain mail        |       |       |    57 |   258 |     7 ||   322
       Plate armour      |       |       |       |       |    55 ||    55
Dodge: Dodged            |    25 |    42 |    57 |   150 |    53 ||   327
Block: Kite shield       |    54 |    68 |    98 |   356 |   109 ||   685

Table legend:
 A = Non-vault XP
 B = Vault XP
 C = Vault XP percentage of total XP
 D = Non-vault monster count
 E = Vault monster count
 F = Vault count percentage of total count
                 A         B        C        D         E       F
            +---------+---------+-------+---------+---------+-------
      Total |   33259 |   22303 |  40.1 |     394 |      96 |  19.6
            +---------+---------+-------+---------+---------+-------
        D:1 |      50 |       0 |   0.0 |      27 |       0 |   0.0
        D:2 |      82 |      73 |  47.1 |      24 |      12 |  33.3
        D:3 |      47 |      36 |  43.4 |      17 |       1 |   5.6
        D:4 |     510 |       0 |   0.0 |      19 |       0 |   0.0
        D:5 |     234 |       0 |   0.0 |      15 |       0 |   0.0
        D:6 |     324 |       0 |   0.0 |      10 |       0 |   0.0
        D:7 |     386 |     716 |  65.0 |      18 |       2 |  10.0
        D:8 |    1438 |    1078 |  42.8 |      39 |       2 |   4.9
        D:9 |    1235 |    1080 |  46.7 |      25 |       7 |  21.9
       D:10 |    3046 |     694 |  18.6 |      20 |      36 |  64.3
       D:11 |    7062 |       0 |   0.0 |      49 |       0 |   0.0
       D:12 |    7061 |       0 |   0.0 |      41 |       0 |   0.0
       D:13 |     145 |       0 |   0.0 |       2 |       0 |   0.0
       D:14 |    2686 |    5363 |  66.6 |      10 |       5 |  33.3
      Orc:1 |    6334 |     970 |  13.3 |      36 |       7 |  16.3
      Orc:2 |    2619 |   12175 |  82.3 |      42 |      23 |  35.4
      Elf:1 |       0 |     118 | 100.0 |       0 |       1 | 100.0
            +---------+---------+-------+---------+---------+-------
